 Dungeon Crawl Stone Soup version 0.29.0-4-gdea44cf6ec (webtiles) character file.

Game seed: 16422696508011153495

19 qw the Vexing (level 2, 0/27 HPs)
             Began as an Ogre Enchanter on Sept 3, 2022.
             Slain by an adder (3 damage)
             ... on level 2 of the Dungeon.
             The game lasted 00:00:54 (1241 turns).

qw the Vexing (Ogre Enchanter)                      Turns: 1241, Time: 00:00:54

Health: 0/27       AC:  3    Str: 11    XL:     2   Next: 75%
Magic:  5/5        EV:  9    Int: 16    God:
Gold:   27         SH:  0    Dex:  9    Spells: 5/5 levels left

rFire   . . .      SeeInvis .   Y - +0 spear
rCold   . . .      Faith    .   (no shield)
rNeg    . . .      Spirit   .   b - +0 robe
rPois   .          Reflect  .   (helmet restricted)
rElec   .          Harm     .   (no cloak)
rCorr   .          Rampage  .   (gloves unavailable)
Will    .....                   (boots unavailable)
Stlth   ++........              (no amulet)
HPRegen 0.09/turn               (no ring)
MPRegen 0.09/turn               (no ring)

@: lethally poisoned (0 -> -5)
A: large, unfitting armour, tough skin 1
a: no special abilities


You were on level 2 of the Dungeon.
You visited 1 branch of the dungeon, and saw 2 of its levels.

You collected 27 gold pieces.


Innate Abilities, Weirdness & Mutations

You are too large for most types of armour.
You have tough skin. (AC +1)


   Skills:
 + Level 1.1 Fighting
 - Level 0.8 Short Blades
 - Level 2.0 Axes
 - Level 1.7 Dodging
 - Level 2.1 Stealth
 - Level 2.4 Spellcasting
 - Level 2.6 Hexes


You had 5 spell levels left.
You didn't know any spells.
Your spell library contained the following spells:

 Spells                   Type           Power      Damage    Failure   Level
 Ensorcelled Hibernation  Hex/Ice        12%        N/A       17%         2
 Confusing Touch          Hex            10%        N/A       21%         3
 Tukima's Dance           Hex            10%        N/A       21%         3
 Dazzling Flash           Conj/Hex       12%        N/A       34%         3

Inventory:

Hand Weapons
 Y - a +0 spear (weapon)
Armour
 b - a +0 robe (worn)
Potions
 f - a potion of might
 h - a potion of magic {unknown}

Dungeon Overview and Level Annotations

Branches:
Dungeon (2/15)

Altars:

Shops:
D:1 *


Message History

You see here a quokka corpse.
An adder comes into view.
The adder hisses angrily.
Reach: Y) +0 spear
Press: ? - help, Dir - move target, f - adder You barely miss the adder.
The adder closely misses you.
You barely miss the adder. The adder closely misses you.
You closely miss the adder. The adder bites you.
You are poisoned.
The adder poisons you!
You closely miss the adder.
You feel sick. The adder bites you.
You are more poisoned.
The adder poisons you! The adder closely misses you.
You hit the adder.
The adder is heavily wounded.
You feel sick. The adder barely misses you.
You hit the adder.
The adder is severely wounded.
You feel sick. The adder bites you.
You are lethally poisoned!
The adder poisons you!
You closely miss the adder.
The adder is severely wounded.
You feel very sick. The adder barely misses you. The adder bites you.
You closely miss the adder.
The adder is severely wounded.
You feel very sick. The adder bites you but does no damage.
You hit the adder. Your punch misses the adder.
The adder is severely wounded.
You feel sick. The adder closely misses you.
You barely miss the adder.
The adder is severely wounded.
You feel sick. The adder bites you.
You die...

#.......#.#######.#
###... #.......#.#
# .# #####
#.......#.#
#......<).# #
###.###..## #.
#.....## ..
#....##### .#
#...#....%####.#
#...#####...@..#
...# ####S....#
.... ..###.# ...
..## # #. .## #. #


You could see an adder.

Vanquished Creatures
  2 bats (D:1)
  An endoplasm (D:1)
  3 goblins (D:1)
  A hobgoblin (D:1)
  3 kobolds
  2 quokkas (D:2)
  2 frilled lizards (D:1)
  2 rats (D:1)
16 creatures vanquished.

Notes
Turn   | Place    | Note
-------+----------+-------------------------------------------
     0 | D:1      | qw the Ogre Enchanter began the quest for the Orb.
     0 | D:1      | Reached XP level 1. HP: 16/16 MP: 3/3
     0 | D:1      | 0 ||| qw: Version: 0.1-a-102-g441f92d
     0 | D:1      | 0 ||| qw: Game counter: 5115
     0 | D:1      | 0 ||| qw: Always use a shield: true
     0 | D:1      | 0 ||| qw: God list: Okawaru
     0 | D:1      | 0 ||| qw: Allow faded altars: false
     0 | D:1      | 0 ||| qw: Do Orc after D:15 true
     0 | D:1      | 0 ||| qw: Do second Lair branch before Depths: true
     0 | D:1      | 0 ||| qw: Lair rune preference: random
     0 | D:1      | 0 ||| qw: Plans: Normal
     0 | D:1      | 0 ||| PLANNING D:1-11
   134 | D:1      | Reached skill level 1 in Axes
   184 | D:1      | 184 ||| SWAPPING to +0 spear.
   185 | D:1      | 185 ||| DROPPING +1 dagger.
   432 | D:1      | Reached skill level 1 in Fighting
   494 | D:1      | Found Kuifaur's Assorted Antiques.
   502 | D:1      | 502 ||| SHOPLISTING fuming emerald potion (24 gold, have
                  | 4).
   502 | D:1      | 502 ||| SHOPLISTING scroll labelled REULUMPUWN (27 gold,
                  | have 4).
   502 | D:1      | 502 ||| SHOPLISTING scroll labelled WETIALO WEOHOI (27
                  | gold, have 4).
   502 | D:1      | 502 ||| SHOPLISTING scroll labelled YKHUDUSHUS (27 gold,
                  | have 4).
   502 | D:1      | 502 ||| SHOPLISTING shiny ice dragon scales (1701 gold,
                  | have 4).
   514 | D:1      | Reached XP level 2. HP: 19/27 MP: 5/5
   631 | D:1      | 631 ||| Stepping ~*~*~tactically~*~*~ (stealth).
   916 | D:1      | 916 ||| READING scroll labelled VACAMUASEL.
   917 | D:1      | 917 ||| READING scroll labelled REULUMPUWN.
   918 | D:1      | 918 ||| READING scroll labelled MYGHACK DEIFAOCU.
   922 | D:1      | 922 ||| DRINKING 2 bubbling pink potions.
   923 | D:1      | 923 ||| DROPPING 2 potions of invisibility.
  1018 | D:2      | 1018 ||| Stepping ~*~*~tactically~*~*~ (stealth).
  1020 | D:2      | 1020 ||| Stepping ~*~*~tactically~*~*~ (stealth).
  1021 | D:2      | 1021 ||| Stepping ~*~*~tactically~*~*~ (stealth).
  1024 | D:2      | 1024 ||| Stepping ~*~*~tactically~*~*~ (outnumbered).
  1025 | D:2      | 1025 ||| Stepping ~*~*~tactically~*~*~ (outnumbered).
  1027 | D:2      | 1027 ||| Stepping ~*~*~tactically~*~*~ (outnumbered).
  1028 | D:2      | 1028 ||| Stepping ~*~*~tactically~*~*~ (outnumbered).
  1030 | D:2      | 1030 ||| Stepping ~*~*~tactically~*~*~ (outnumbered).
  1031 | D:2      | 1031 ||| Stepping ~*~*~tactically~*~*~ (outnumbered).
  1032 | D:2      | 1032 ||| Stepping ~*~*~tactically~*~*~ (outnumbered).
  1034 | D:2      | 1034 ||| Stepping ~*~*~tactically~*~*~ (outnumbered).
  1035 | D:2      | 1035 ||| Stepping ~*~*~tactically~*~*~ (outnumbered).
  1036 | D:2      | 1036 ||| Stepping ~*~*~tactically~*~*~ (outnumbered).
  1038 | D:2      | 1038 ||| FLEEEEING.
  1039 | D:2      | 1039 ||| FLEEEEING.
  1040 | D:2      | 1040 ||| FLEEEEING.
  1041 | D:2      | 1041 ||| FLEEEEING.
  1042 | D:2      | 1042 ||| FLEEEEING.
  1043 | D:2      | 1043 ||| FLEEEEING.
  1044 | D:2      | 1044 ||| FLEEEEING.
  1045 | D:2      | 1045 ||| FLEEEEING.
  1046 | D:2      | 1046 ||| FLEEEEING.
  1047 | D:2      | 1047 ||| FLEEEEING.
  1049 | D:2      | 1049 ||| FLEEEEING.
  1050 | D:2      | 1050 ||| FLEEEEING.
  1051 | D:2      | 1051 ||| FLEEEEING.
  1055 | D:2      | 1055 ||| STAIRDANCE
  1239 | D:2      | HP: 6/27 [poisoned by an adder]
  1241 | D:2      | Slain by an adder

Levels and vault maps discovered:
D:1:      tarquinn_simple_flora_water_a, layout_rooms, serial_shops,
          nicolae_shop_stone, nrook_mini_vaults
D:2:      layout_rooms, hellmonk_ecumenical_altar_watching_god

Skill      XL: |  1  2 |
---------------+-------+-----
Axes           | 1 2 |  2.0
Fighting       | 1 |  1.1
Short Blades   | |  0.8
Dodging        | |  1.7
Stealth        | |  2.1
Spellcasting   | |  2.4
Hexes          | |  2.6

Action                   || total
-------------------------++-------
Melee: Spear             ||    65
       Dagger            ||    11
  Use: Scroll            ||     3
       Potion            ||     1
Armor: Robe              ||    14
Dodge: Dodged            ||    31

Table legend:
 A = Non-vault XP
 B = Vault XP
 C = Vault XP percentage of total XP
 D = Non-vault monster count
 E = Vault monster count
 F = Vault count percentage of total count
                 A         B        C        D         E       F
            +---------+---------+-------+---------+---------+-------
      Total |      28 |       0 |   0.0 |      16 |       0 |   0.0
            +---------+---------+-------+---------+---------+-------
        D:1 |      20 |       0 |   0.0 |      12 |       0 |   0.0
        D:2 |       8 |       0 |   0.0 |       4 |       0 |   0.0
            +---------+---------+-------+---------+---------+-------
